 Dungeon Crawl Stone Soup version 0.27-a0-765-ge4d627daa3 (webtiles) character file.

Game seed: 303990419266425188

292 robertstho the Magician (level 6, 0/42 HPs)
             Began as a Djinni Air Elementalist on Mar 24, 2021.
             Slain by an orc
             ... wielding a +0 trident
              (9 damage)
             ... on level 3 of the Dungeon.
             The game lasted 00:06:18 (3795 turns).

robertstho the Magician (Djinni Air Elementalist)   Turns: 3795, Time: 00:06:19

Health: 0/42       AC:  2    Str:  7    XL:     6   Next: 33%
Gold:   64         EV: 12    Int: 25    God:
                   SH:  0    Dex: 13

rFire    + + .     SeeInvis .   k - +0 short sword (drain)
rCold    x . .     Faith    .   (no shield)
rNeg     . . .     Spirit   .   a - +0 robe
rPois    ∞         Reflect  .   (no helmet)
rElec    .         Harm     .   (no cloak)
rCorr    .         Rampage  .   (no gloves)
Will     .....                  (boots unavailable)
Stlth    ++........             (no amulet)
HPRegen  0.14/turn              b - +6 ring of intelligence
MPRegen  0.00/turn              (no ring)

@: flying
A: fire resistance 2, cold vulnerability 1, float, innate caster, hp casting,
extra vitality 1
a: no special abilities


You were on level 3 of the Dungeon.
You visited 1 branch of the dungeon, and saw 3 of its levels.

You collected 64 gold pieces.

Inventory:

Hand Weapons
 c - a +0 short sword
 k - a +0 short sword of draining (weapon)
 n - a +2 trident of freezing
 p - a +1 hand axe of flaming
Armour
 a - a +0 robe (worn)
Jewellery
 b - a +6 ring of intelligence (right hand)
Scrolls
 d - a scroll of amnesia {unknown}
 g - a scroll of random uselessness {unknown}
 l - a scroll of silence {unknown}
 m - a scroll of noise {unknown}
Potions
 e - 2 potions of brilliance
 f - a potion of curing {unknown}
 h - a potion of attraction {unknown}
 i - a potion of flight {unknown}
 j - a potion of berserk rage {unknown}
 o - a potion of might {unknown}


   Skills:
 * Level 1.6 Fighting
 + Level 0.5 Short Blades
 * Level 2.8 Dodging
 - Level 1.5 Stealth
 * Level 5.3 Spellcasting


You couldn't memorise any spells.
You knew the following spells:

 Your Spells              Type           Power      Damage    Failure   Level
a - Shock                 Conj/Air       100%       1d9       1%          1
b - Swiftness             Air            33%        N/A       1%          2
c - Static Discharge      Conj/Air       33%        N/A       2%          3
d - Airstrike             Air            16%        N/A       9%          4
e - Lightning Bolt        Conj/Air       16%        1d30      24%         5
f - Corona                Hex            36%        N/A       1%          1
g - Ensorcelled Hibernat  Hex/Ice        66%        N/A       1%          2
Your spell library was empty.

Dungeon Overview and Level Annotations

Branches:
Dungeon (3/15)

Altars:
Ashenzari


Innate Abilities, Weirdness & Mutations

You are immune to poison.
Your flesh is very heat resistant. (rF++)
You are vulnerable to cold. (rC-)
You float through the air rather than walking.
You learn spells naturally, not from books.
Your magical power is your life essence.
You have superior vitality. (+4 HP)


Message History

No target in view!
No target in view!
No target in view!
A hobgoblin comes into view.
A hobgoblin is nearby!
A hobgoblin is nearby!
A hobgoblin is nearby!
A hobgoblin is nearby!
An orc wizard comes into view. It is wielding a +0 dagger.
The orc wizard shouts!
The hobgoblin shouts!
You hear a shout!
An orc comes into view. It is wielding a +0 trident.
The orc shouts!
The hobgoblin hits you but does no damage.
An orc comes into view. It is wielding a +0 whip.
The orc shouts!
You hit the hobgoblin.
The hobgoblin is moderately wounded.
The hobgoblin hits you.
You hit the hobgoblin.
The hobgoblin is heavily wounded.
The hobgoblin hits you. The orc wizard casts a spell at you.
You resist with some effort.
You hit the hobgoblin.
You kill the hobgoblin!
You closely miss the orc wizard.
The orc wizard gestures at you while chanting.
You resist with some effort.
The orc hits you from afar with a +0 trident!
Unknown command.
Casting: Airstrike (quite dangerous; 9% risk of failure)
Confirm with . or Enter, or press ? or * to list all spells.
The orc wizard is struck by an arc of lightning.
The orc wizard is heavily wounded.
You are struck by an arc of lightning.
The lightning grounds out.
The orc wizard casts a spell at you. The magic dart hits you!
* * * LOW HITPOINT WARNING * * *
The orc hits you from afar with a +0 trident!
You die...

#.#.##.......#...#
....##...>.....#.# .##
#...##.......#.#.# ...
#...##.......#.#.# ..#
#...##.......#.#.##...
..........####....#.#
#...###### #......#
#...##########...[#.###.
...............@ooo....
#....<# ######.#########
....#.# #.# #####.# #.#
..###.# #.# #..##.# #.#
...##.########.#
...............#
#####.########## ####


You could see an orc wizard and 2 orcs.

Vanquished Creatures
  A gnoll shaman (D:3)
  A jelly (D:2)
  An orc priest (D:3)
  2 orc wizards (D:3)
  5 gnolls (D:3)
  2 dart slugs
  9 orcs (D:3)
  9 bats
  14 endoplasms
  2 giant cockroaches
  5 hobgoblins
  5 jackals
  4 quokkas
  A ball python (D:1)
  8 frilled lizards
  5 goblins
  13 kobolds
  4 rats (D:1)
91 creatures vanquished.

Vanquished Creatures (others)
  4 fungi (D:2)
  6 toadstools (D:2)
10 creatures vanquished.

Grand Total: 101 creatures vanquished

Notes
Turn   | Place    | Note
-------+----------+-------------------------------------------
     0 | D:1      | robertstho the Djinni Air Elementalist began the quest for
                  | the Orb.
     0 | D:1      | Reached XP level 1. HP: 15/15 MP: 0/0
   140 | D:1      | Reached skill level 3 in Spellcasting
   141 | D:1      | Reached XP level 2. HP: 19/21 MP: 0/0
   841 | D:1      | Reached XP level 3. HP: 20/25 MP: 0/0
   841 | D:1      | Learned a level 1 spell: Corona
  1495 | D:2      | Reached skill level 4 in Spellcasting
  1495 | D:2      | Reached XP level 4. HP: 17/31 MP: 0/0
  1664 | D:2      | Reached skill level 1 in Fighting
  2846 | D:3      | Reached XP level 5. HP: 34/37 MP: 0/0
  2846 | D:3      | Learned a level 2 spell: Ensorcelled Hibernation
  3020 | D:3      | Reached skill level 5 in Spellcasting
  3328 | D:3      | Found a broken altar of Ashenzari.
  3335 | D:3      | Reached XP level 6. HP: 39/42 MP: 0/0
  3795 | D:3      | Slain by an orc

Illustrated notes

Levels and vault maps discovered:
D:1:      psy_arrival_conway, layout_rooms
D:2:      cheibrodos_fertilizer, layout_rooms
D:3:      layout_loops_ring, ashenzari_conservatory_becter

Skill      XL: |  1  2  3  4  5 |
---------------+----------------+-----
Spellcasting   | 3 4 5 |  5.3
Fighting       | 1 |  1.6
Short Blades   | |  0.5
Dodging        | |  2.8
Stealth        | |  1.5

Action                   |  1- 3 |  4- 6 || total
-------------------------+-------+-------++-------
Melee: Short sword       |     2 |    53 ||    55
 Cast: Shock             |    73 |    35 ||   108
       Swiftness         |     1 |       ||     1
       Static Discharge  |       |     9 ||     9
       Airstrike         |       |     7 ||     7
  Use: Scroll            |       |     1 ||     1
 Stab: Sleeping          |       |     3 ||     3
Armor: Robe              |     1 |     7 ||     8
Dodge: Dodged            |    25 |    37 ||    62

Table legend: (Time is in decaauts)
 A = Elapsed time spent in this place.
 B = Non-inter-level travel time spent in this place.
 C = Inter-level travel time spent in this place.
 D = Time resting spent in this place.
 E = Time spent auto-exploring this place.
 F = Levels seen in this place.
 G = Mean time per level.
                   A        B        C        D        E       F      G
               +--------+--------+--------+--------+--------+-----+--------+
         Total |   3797 |   3672 |    125 |   1436 |   1867 |   3 | 1265.7 |
       Dungeon |   3797 |   3672 |    125 |   1436 |   1867 |   3 | 1265.7 |
               +--------+--------+--------+--------+--------+-----+--------+

Top non-repeatable levels by time:
     D:1: 1433 daAuts
     D:2: 1354 daAuts
     D:3: 1009 daAuts
